 Dungeon Crawl Stone Soup version 0.21.1-1-g345015fe64 (webtiles) character file.

174 Ivernyr the Charmwright (level 5, -15/41 HPs)
             Began as a Demonspawn Skald on Apr 26, 2018.
             Demolished by an ogre
             ... wielding a +0 giant club
              (21 damage)
             ... on level 4 of the Dungeon.
             The game lasted 00:10:18 (3833 turns).

Ivernyr the Charmwright (Demonspawn Skald)          Turns: 3833, Time: 00:10:19

Health: -15/41     AC: 14    Str: 11    XL:     5   Next: 28%
Magic:  4/8        EV: 16    Int: 14    God:
Gold:   133        SH:  0    Dex: 19    Spells: 3/8 levels left

rFire    x . .     SeeInvis .   a - +0 falchion
rCold    + . .     Gourm    .   (no shield)
rNeg     . . .     Faith    .   b - +4 ring mail
rPois    .         Spirit   .   m - +0 helmet
rElec    .         Reflect  .   (no cloak)
rCorr    +         Harm     .   (no gloves)
MR       .....                  (no boots)
Stlth    ++........             (no amulet)
HPRegen  0.13/turn              i - ring of resist corrosion
MPRegen  0.11/turn              l - ring of ice (curse)

@: agile, very slightly contaminated
A: iridescent scales 2, powered by pain 1
a: no special abilities


You were on level 4 of the Dungeon.
You were hungry.

You visited 1 branch of the dungeon, and saw 4 of its levels.

You collected 133 gold pieces.

Inventory:

Hand Weapons
 a - a +0 falchion (weapon)
Armour
 b - a +4 ring mail (worn)
 m - a +0 helmet (worn)
Jewellery
 i - a ring of resist corrosion (left hand)
 l - a cursed ring of ice (right hand)
Scrolls
 e - 2 scrolls of immolation {unknown}
 g - a scroll of magic mapping {unknown}
 h - a scroll of amnesia {unknown}
 j - a scroll of enchant armour {unknown}
 k - 3 scrolls of identify {unknown}
 o - a scroll of teleportation {unknown}
 p - a scroll of enchant weapon {unknown}
Potions
 f - a potion of degeneration {unknown}
 n - 2 potions of lignification {unknown}
Books
 c - a book of Battle

   Spells                             Type                      Level
   a - Infusion                       Charms                       1
   b - Shroud of Golubria             Charms/Translocation         2
   c - Song of Slaying                Charms                       2
   d - Spectral Weapon                Hexes/Charms                 3
   e - Regeneration                   Charms/Necromancy            3
Comestibles
 d - a ration
 q - 2 chunks of flesh


   Skills:
 + Level 3.0 Fighting
 + Level 2.7 Long Blades
 * Level 3.0 Armour
 - Level 1.7 Dodging
 - Level 2.0 Spellcasting
 + Level 3.4 Charms


You had 3 spell levels left.
You knew the following spells:

 Your Spells              Type           Power        Failure   Level  Hunger
a - Shroud of Golubria    Chrm/Tloc      #.........   38%         2    ###....
b - Song of Slaying       Chrm           ##......     21%         2    ###....
c - Infusion              Chrm           ##..         13%         1    ##.....


Dungeon Overview and Level Annotations

Branches:
Dungeon (4/15)
 Temple: D:4-7

Altars:
Elyvilon
Fedhas
Makhleb
Ru
Trog
Vehumet

Annotations:
D:2 2 transporters


Innate Abilities, Weirdness & Mutations

You are mostly covered in iridescent scales. (AC +4)
You sometimes gain a little power by taking damage.


Message History

Confirm with . or Enter, or press ? or * to list all spells.
You renew your shroud.
The ogre closely misses you.
You hit the ogre but do no damage.
The ogre is moderately wounded.
The ogre closely misses you.
You hit the ogre.
The ogre is heavily wounded.
The ogre hits you with a giant club!
* * * LOW HITPOINT WARNING * * *
You focus on the pain.
You feel agile all of a sudden.
Your shroud falls apart!
Casting: Shroud of Golubria
Confirm with . or Enter, or press ? or * to list all spells.
You miscast Shroud of Golubria.
You are very lightly contaminated with residual magic.
You catch a glimpse of the back of your own head.
The ogre hits you with a giant club!!
Ouch! That really hurt!
You die...

#.##.##### ## ##....#...##
##.(.....#.....##
..#.##.#.......# #.
##..........)..# #.
#...##.........##### ####.
###....#..#........... ....
##.......#.........###.. ###^..
...............>@....#.# ##.. #.
.........#......O......###(. #
.......<.##................######
.........###..?........#.........
........####...$.......#..##..###
.......#.............#...........
###.### .####.......###..###'###.
#. .# #....<....###.# #.# #. # ##
#.........# #.###.###.


You could see an ogre.

Vanquished Creatures
  An orc wizard (D:3)
  A worker ant (D:3)
  5 adders
  A worm (D:2)
  A leopard gecko (D:2)
  4 orcs (D:3)
  A ball python (D:4)
  12 bats
  7 giant cockroaches
  6 goblins
  6 hobgoblins
  2 jackals (D:1)
  A quokka (D:2)
  3 frilled lizards
  8 kobolds
  5 rats
64 creatures vanquished.

Notes
Turn   | Place    | Note
-------+----------+-------------------------------------------
     0 | D:1      | Ivernyr the Demonspawn Skald began the quest for the Orb.
     0 | D:1      | Reached XP level 1. HP: 16/16 MP: 3/3
     7 | D:1      | Reached skill level 1 in Armour
   289 | D:1      | Gained mutation: You are partially covered in iridescent scales. (AC +2) [demonic ancestry]
   289 | D:1      | Reached XP level 2. HP: 16/22 MP: 5/5
   786 | D:1      | Learned a level 2 spell: Song of Slaying
   789 | D:1      | Learned a level 2 spell: Shroud of Golubria
  1274 | D:2      | Gained mutation: You are mostly covered in iridescent scales. (AC +4) [demonic ancestry]
  1274 | D:2      | Reached XP level 3. HP: 8/28 MP: 6/6
  1620 | D:2      | Found a transporter.
  1624 | D:2      | Found a white marble altar of Elyvilon.
  1626 | D:2      | Noticed an ogre
  1628 | D:2      | Found a transporter.
  2090 | D:2      | Found a bloodstained altar of Trog.
  2304 | D:3      | Found a blossoming altar of Fedhas.
  2329 | D:3      | Gained mutation: You sometimes gain a little power by taking damage. [demonic ancestry]
  2329 | D:3      | Reached XP level 4. HP: 34/34 MP: 7/7
  2724 | D:3      | Found a sacrificial altar of Ru.
  2771 | D:3      | Found a burning altar of Makhleb.
  2779 | D:3      | Reached XP level 5. HP: 40/40 MP: 6/8
  3343 | D:4      | Found a radiant altar of Vehumet.
  3357 | D:4      | Noticed an ogre
  3423 | D:4      | Noticed a phantom
  3833 | D:4      | Demolished by an ogre

Skill      XL: |  1  2  3  4  5 |
---------------+----------------+-----
Armour         | 1 2 3 |  3.0
Long Blades    | 2 |  2.7
Charms         | 3 |  3.4
Fighting       | 3 |  3.0
Dodging        | |  1.7
Spellcasting   | |  2.0

Action                   |  1- 3 |  4- 6 || total
-------------------------+-------+-------++-------
Melee: Falchion          |   126 |   113 ||   239
 Cast: Shroud of Golubri |     5 |     7 ||    12
       Song of Slaying   |       |     1 ||     1
 Stab: Sleeping          |     2 |       ||     2
       Paralysed         |       |     1 ||     1
  Eat: Chunk             |     5 |     2 ||     7
       Ration            |       |     1 ||     1
Armor: Leather armour    |    56 |    30 ||    86
       Ring mail         |       |    28 ||    28
Dodge: Dodged            |    96 |    72 ||   168
       Rpst.: Falchion   |    42 |    24 ||    66
